 Dungeon Sprint DCSS version 0.29-a0-563-g64e4043184 (webtiles) character file.

Game seed: 2429443858193271820

3691 mhtbhm the Brawler (level 9, -5/78 HPs)
             Began as a Minotaur Transmuter on June 11, 2022.
             Was an Initiate of Gozag.
             Slain by a tengu warrior
             ... wielding a +4 war axe
              (7 damage)
             ... in the Dungeon (Sprint IX: "|||||||||||||||||||||||||||||").
             The game lasted 00:02:20 (970 turns).

mhtbhm the Brawler (Minotaur Transmuter)             Turns: 970, Time: 00:02:21

Health: -5/78      AC:  3    Str: 15    XL:     9   Next: 90%
Magic:  12/18      EV: 19    Int: 14    God:    Gozag
Gold:   702        SH:  0    Dex: 11    Spells: 12/22 levels left

rFire   . . .      SeeInvis .     - Unarmed
rCold   . . .      Faith    .   (no shield)
rNeg    . . .      Spirit   .   a - +0 robe
rPois   .          Reflect  .   (helmet restricted)
rElec   .          Harm     .   (no cloak)
rCorr   .          Rampage  .   (no gloves)
Will    .....      NoTele   +   k - +0 pair of boots
Stlth   ++........              (no amulet)
HPRegen 0.23/turn               l - +2 ring of evasion
MPRegen 0.16/turn               m - +2 ring of evasion

@: wereblooded, very slightly contaminated, hasted, very quick
A: horns 2, retaliatory headbutt
a: Renounce Religion, Potion Petition, Call Merchant, Bribe Branch


You were in the Dungeon.
You worshipped Gozag.
Gozag was pleased with you.
You visited 1 branch You collected 702 gold pieces.

Inventory:

Armour
 a - a +0 robe (worn)
 k - a +0 pair of boots (worn)
Jewellery
 l - a +2 ring of evasion (left hand)
 m - a +2 ring of evasion (right hand)
Wands
 j - a wand of acid (2)
Scrolls
 h - a scroll of blinking
 i - 2 scrolls of amnesia
Potions
 c - 5 potions of curing
 f - 4 potions of magic
 g - a potion of invisibility


   Skills:
 + Level 6.4 Fighting
 + Level 9.9 Dodging
 + Level 3.2 Stealth
 + Level 16.4 Unarmed Combat
 + Level 7.3 Spellcasting
 + Level 7.3 Transmutations
 + Level 1.7 Poison Magic
 + Level 3.5 Evocations


You had 12 spell levels left.
You knew the following spells:

 Your Spells              Type           Power      Damage    Failure   Level
a - Beastly Appendage     Tmut           50%        N/A       1%          1
b - Wereblood             Tmut           25%        N/A       1%          2
c - Spider Form           Tmut/Pois      17%        N/A       6%          3
d - Ice Form              Ice/Tmut       15%        N/A       30%         4

Your spell library contained the following spells:

 Spells                   Type           Power      Damage    Failure   Level


Dungeon Overview and Level Annotations

Branches:
Dungeon (1/1)

Altars:
Cheibriados
Dithmenos
Elyvilon
Fedhas
Gozag
Hepliaklqana
Kikubaaqudgha
Makhleb
Nemelex Xobeh
Okawaru
Qazlal
Ru
Sif Muna
Trog
Uskayaw
Vehumet
Wu Jian
Xom
Yredelemnul
Zin
The Shining One
Beogh
Jiyva
Lugonu


Innate Abilities, Weirdness & Mutations

You have a pair of horns on your head.
You reflexively headbutt those who attack you in melee.


Message History

There is an open door here.
You see here a +0 short sword.
Casting: Wereblood (safe; 1% risk of failure)
Confirm with . or Enter, or press ? or * to list all spells.
Okay, then.
Okay, then.
You feel yourself speed up.
You see here a +0 dagger.
There is an open door to the Dungeon here.
Casting: Wereblood (safe; 1% risk of failure)
Confirm with . or Enter, or press ? or * to list all spells.
Your blood is infused with primal strength.
Aiming: Corrosive Bolt
Press: ? - help, Shift-Dir - straight line, f - tengu warrior
Aim: a tengu warrior, wielding a +4 war axe, wearing a +0 leather armour and wearing a +0 kite shield of positive energy (54% to hit)
The bolt of acid misses the tengu warrior.
Unknown command.
Unknown command.
There is a staircase leading out of the dungeon here.
Aiming: Corrosive Bolt
Press: ? - help, Shift-Dir - straight line, f/p - tengu warrior
Aim: a tengu warrior, wielding a +4 war axe, wearing a +0 leather armour and wearing a +0 kite shield of positive energy (54% to hit)
The bolt of acid hits the tengu warrior!
The acid corrodes the tengu warrior!
The tengu warrior is moderately wounded.
Unknown command.
Press: ? - help, v - describe, . - travel A staircase leading out of the dungeon.
Casting: Wereblood (safe; 1% risk of failure)
Confirm with . or Enter, or press ? or * to list all spells.
You miscast Ice Form.
You are very lightly contaminated with residual magic.
You are caught in an explosion of ice and frost!
* * * LOW HITPOINT WARNING * * *
The tengu warrior hits you with a +4 war axe.
* * * LOW HITPOINT WARNING * * *
The tengu warrior pecks you but does no damage.
The tengu warrior claws you!
You die...
Your body crumbles into a pile of gold.

$$$ $
▓▓▓▓▓▓▓▓▓▓▓▓▓▓▓▓▓▓
'....))...).'..Q@▓
▓▓▓▓▓▓▓▓▓▓▓▓▓▓▓▓▓▓


You could see a tengu warrior (corroded).

Vanquished Creatures
  A hydra (D)
  A centaur warrior (D)
  A two-headed ogre (D)
  A skeletal warrior (D)
  A cyclops (D)
  2 komodo dragons (D)
  A hornet (D)
  An orc warrior (D)
  2 centaurs (D)
  A phantom (D)
  An ufetubus (D)
  A dart slug (D)
  2 orcs (D)
  An endoplasm (D)
  A giant cockroach (D)
  A quokka (D)
  A frilled lizard (D)
  A kobold (D)
21 creatures vanquished.

Notes
Turn   | Place    | Note
-------+----------+-------------------------------------------
     0 | D        | mhtbhm the Minotaur Transmuter began the quest for the Orb.
     0 | D        | Reached XP level 1. HP: 16/16 MP: 1/1
    12 | D        | Reached skill level 4 in Unarmed Combat
   317 | D        | Noticed a phantom
   323 | D        | Reached XP level 2. HP: 23/23 MP: 1/3
   330 | D        | Killed a phantom
   331 | D        | Reached skill level 7 in Unarmed Combat
   331 | D        | Reached XP level 3. HP: 28/28 MP: 1/6
   331 | D        | Reached XP level 4. HP: 35/35 MP: 1/7
   337 | D        | Found a snail-covered altar of Cheibriados.
   337 | D        | Found a shadowy altar of Dithmenos.
   337 | D        | Found a white marble altar of Elyvilon.
   337 | D        | Found a blossoming altar of Fedhas.
   337 | D        | Found an opulent altar of Gozag.
   338 | D        | Found a hazy altar of Hepliaklqana.
   339 | D        | Found a viscous altar of Jiyva.
   340 | D        | Found an ancient bone altar of Kikubaaqudgha.
   341 | D        | Found a corrupted altar of Lugonu.
   342 | D        | Found a burning altar of Makhleb.
   343 | D        | Found a sparkling altar of Nemelex Xobeh.
   344 | D        | Found an iron altar of Okawaru.
   345 | D        | Found a stormy altar of Qazlal.
   346 | D        | Found a sacrificial altar of Ru.
   347 | D        | Found a shimmering blue altar of Sif Muna.
   348 | D        | Found a bloodstained altar of Trog.
   349 | D        | Found a hide-covered altar of Uskayaw.
   359 | D        | Became a worshipper of Gozag Ym Sagoz the Greedy
   365 | D        | Found a radiant altar of Vehumet.
   366 | D        | Found an ornate altar of the Wu Jian Council.
   367 | D        | Found a shimmering altar of Xom.
   368 | D        | Found a basalt altar of Yredelemnul.
   369 | D        | Found a glowing silver altar of Zin.
   370 | D        | Found a glowing golden altar of the Shining One.
   435 | D        | Learned a level 2 spell: Wereblood
   439 | D        | Learned a level 3 spell: Spider Form
   570 | D        | Noticed a centaur
   570 | D        | Noticed a two-headed ogre
   570 | D        | Noticed a hornet
   570 | D        | Noticed an orc warrior
   570 | D        | Noticed a komodo dragon
   570 | D        | Noticed a komodo dragon
   586 | D        | Killed a komodo dragon
   587 | D        | Reached skill level 1 in Stealth
   587 | D        | Reached skill level 10 in Unarmed Combat
   587 | D        | Reached XP level 5. HP: 45/45 MP: 0/10
   587 | D        | Reached XP level 6. HP: 51/51 MP: 0/11
   592 | D        | Killed a komodo dragon
   593 | D        | Reached skill level 11 in Unarmed Combat
   593 | D        | Reached skill level 5 in Transmutations
   593 | D        | Reached XP level 7. HP: 58/58 MP: 1/13
   595 | D        | Reached skill level 12 in Unarmed Combat
   595 | D        | Reached skill level 5 in Spellcasting
   598 | D        | Killed a two-headed ogre
   599 | D        | Reached skill level 13 in Unarmed Combat
   599 | D        | Reached skill level 1 in Evocations
   599 | D        | Reached XP level 8. HP: 53/67 MP: 2/15
   604 | D        | Killed a hornet
   605 | D        | Reached skill level 5 in Fighting
   605 | D        | Reached skill level 14 in Unarmed Combat
   605 | D        | Reached skill level 1 in Poison Magic
   875 | D        | Learned a level 4 spell: Ice Form
   877 | D        | Noticed a tengu warrior
   877 | D        | Noticed a skeletal warrior
   877 | D        | Noticed a five-headed hydra
   877 | D        | Noticed a cyclops
   877 | D        | Noticed a centaur warrior
   884 | D        | Killed a centaur warrior
   885 | D        | Reached XP level 9. HP: 74/74 MP: 11/17
   890 | D        | Killed a cyclops
   891 | D        | Reached skill level 15 in Unarmed Combat
   892 | D        | Killed a five-headed hydra
   893 | D        | Reached skill level 16 in Unarmed Combat
   902 | D        | Killed a skeletal warrior
   970 | D        | HP: 2/78 [tengu warrior/+4 war axe (5)]
   970 | D        | Slain by a tengu warrior

Illustrated notes

Levels and vault maps discovered:
D:        linesprint [early_d, line_temple, items_1, d_10, items_2, lair_1,
          lair_end, items_3, orc_1, orc_end, items_4, d_15, swamp_1, shoals_1,
          snake_1, spider_1, d_20, vaults_1, items_5, swamp_end, shoals_end,
          snake_end, spider_end, vaults_end, d_27, items_6, zot_1, zot_end,
          crypt_end, forest_end, elf_end, slime_end, tomb_end, abyss_end,
          pan_hell_end]

Skill      XL: |  1  2  3  4  5  6  7  8  9 |
---------------+----------------------------+-----
Unarmed Combat | 4 7 10 11 13 14 16 | 16.4
Dodging        | 3 4 6 7 8 9 |  9.9
Spellcasting   | 3 4 5 6 7 |  7.3
Transmutations | 2 4 5 6 7 |  7.3
Fighting       | 3 4 5 6 |  6.4
Stealth        | 1 2 3 |  3.2
Evocations     | 1 2 3 |  3.5
Poison Magic   | 1 |  1.7

Action                   |  1- 3 |  4- 6 |  7- 9 || total
-------------------------+-------+-------+-------++-------
Melee: Unarmed           |    23 |    15 |    34 ||    72
       Headbutt          |     5 |     1 |       ||     6
       Kick              |     1 |       |       ||     1
       Punch             |     1 |       |       ||     1
 Cast: Beastly Appendage |     3 |     1 |       ||     4
       Wereblood         |       |     1 |     2 ||     3
       Spider Form       |       |     1 |       ||     1
       Ice Form          |       |       |     1 ||     1
Evoke: Wand              |       |       |     8 ||     8
  Use: Potion            |     1 |     4 |     1 ||     6
       Scroll            |       |       |     1 ||     1
Armor: Robe              |     1 |       |     1 ||     2
       Skin              |       |     5 |    16 ||    21
Dodge: Dodged            |    10 |     8 |    22 ||    40

Table legend: (Time is in decaauts)
 A = Elapsed time spent in this place.
 B = Non-inter-level travel time spent in this place.
 C = Inter-level travel time spent in this place.
 D = Time resting spent in this place.
 E = Time spent auto-exploring this place.
 F = Levels seen in this place.
 G = Mean time per level.
                   A        B        C        D        E       F      G
               +--------+--------+--------+--------+--------+-----+--------+
         Total |    954 |    954 |      0 |    685 |      3 |   1 |  954.0 |
       Dungeon |    954 |    954 |      0 |    685 |      3 |   1 |  954.0 |
               +--------+--------+--------+--------+--------+-----+--------+

Top non-repeatable levels by time:
       D: 954 daAuts
